 Dungeon Crawl Stone Soup version 0.30.1-9-gdf580d7c3d (webtiles) character file.

Game seed: 280735810066814139

459 Peloso the Slasher (level 6, -9/55 HPs)
             Began as a Minotaur Fighter on Oct 18, 2023.
             Mangled by an iguana (10 damage)
             ... on level 5 of the Dungeon.
             The game lasted 00:08:43 (3451 turns).

Peloso the Slasher (Minotaur Fighter)               Turns: 3451, Time: 00:08:44

Health: -9/55      AC: 12    Str: 21    XL:     6   Next: 78%
Magic:  5/5        EV:  6    Int:  5    God:
Gold:   142        SH:  5    Dex: 11    Spells: 5/5 levels left

rFire   . . .        a - +0 long sword
rCold   . . .        d - +0 buckler
rNeg    . . .        c - +0 plate armour
rPois   .            (helmet restricted)
rElec   .            (no cloak)
rCorr   +            (no gloves)
SInv    .            (no boots)
Will    .....        (no amulet) Stlth
                     p - ring of resist corrosion
HPRegen 0.29/turn    (no ring)
MPRegen 0.09/turn

%: no passive effects
@: no status effects
A: horns 2, retaliatory headbutt
a: no special abilities


You were on level 5 of the Dungeon.
You visited 1 branch of the dungeon, and saw 5 of its levels.

You collected 190 gold pieces.
You spent 48 gold pieces at shops.

Inventory:

Hand Weapons
 a - a +0 long sword (weapon)
Armour
 b - a +0 scale mail
 c - a +0 plate armour (worn)
 d - a +0 buckler (worn)
Jewellery
 p - a ring of resist corrosion (left hand)
 r - a +6 ring of intelligence
Scrolls
 e - 2 scrolls of fear {unknown}
 f - 2 scrolls of noise {unknown}
 i - a scroll of teleportation {unknown}
 j - 2 scrolls of identify {unknown}
 t - a scroll of magic mapping {unknown}
Potions
 g - 2 potions of might
 h - 6 potions of curing
 k - a potion of heal wounds {unknown}
 l - a potion of lignification {unknown}
 m - a potion of flight {unknown}
 n - 2 potions of cancellation {unknown}
 o - 2 potions of brilliance {unknown}
 q - a potion of degeneration {unknown}
 s - a potion of berserk rage {unknown}


   Skills:
 + Level 4.9 Fighting
 + Level 5.8 Long Blades
 + Level 5.5 Armour
 + Level 5.3 Shields


You had 5 spell levels left.
You didn't know any spells.
Your spell library contained the following spells:

 Spells                   Type           Power      Damage    Failure   Level
 Beastly Appendage        Tmut           0%         N/A       100%        1
 Slow                     Hex            0%         N/A       100%        1
 Blink                    Tloc           0%         N/A       100%        2
 Lesser Beckoning         Tloc           0%         N/A       100%        2
 Momentum Strike          Conj/Tloc      0%         3d8       100%        2
 Wereblood                Tmut           0%         N/A       100%        2
 Confusing Touch          Hex            0%         N/A       100%        3
 Spider Form              Tmut/Pois      0%         N/A       100%        3
 Vampiric Draining        Necr           0%         2d6       100%        3


Dungeon Overview and Level Annotations

Branches:
Dungeon (5/15)
 Temple: D:4-7

Altars:
Hepliaklqana
Yredelemnul

Shops:
D:2 !:*

Annotations:
D:5 Grinder


Innate Abilities, Weirdness & Mutations

You have a pair of horns on your head.
You reflexively headbutt those who attack you in melee.


Message History

Grinder is moderately wounded.
Grinder hits you.
You writhe in agony.
You hit Grinder.
Grinder is moderately wounded.
You block Grinder's attack.
You hit Grinder. Your headbutt misses Grinder.
Grinder is moderately wounded.
Grinder hits you.
You writhe in agony.
You block the iguana's attack.
Unknown command.
You slash Grinder! You headbutt Grinder.
Grinder is heavily wounded.
Grinder says, "Just stop there for a second..."
Grinder gestures at you. Pain shoots through your body!
The iguana bites you but does no damage.
You hit Grinder. Your headbutt misses Grinder.
Grinder is severely wounded.
Grinder hits you.
You writhe in agony.
The iguana barely misses you.
You hit Grinder.
Grinder is severely wounded.
Grinder gestures at you.
You suddenly lose the ability to move!
The iguana bites you. Grinder hits you.
You writhe in agony.
The iguana bites you but does no damage.
Grinder completely misses you.
The iguana bites you but does no damage.
You can move again.
You barely miss Grinder.
Grinder is severely wounded.
Grinder gestures at you. Pain shoots through your body!
* * * LOW HITPOINT WARNING * * *
The iguana bites you!
* * * LOW HITPOINT WARNING * * *
Grinder hits you.
* * * LOW HITPOINT WARNING * * *
You writhe in agony.
* * * LOW HITPOINT WARNING * * *
The iguana bites you!
You die...

##...##.####...#####
#.# #...<.#........#
#.# #.....#######.##
#.# #.....# #.# #.#
##...## #+## #.###
#.### #.>.## #.#.#
#.## #.....# #..#.
####..######5......
##..#
#.........#@.......
####...#
#.#.......'.l..>...
+.......
#.##...##.#.......#
#...###.
#.##..###.##......#
#.⌠. #. #.##..# #.#
#.....# #... #.
#.###.# #.#
#...#..... ..
#.###.###.# #+## ⌠..
.. #.........# ...
#####.##### ##.


You could see Grinder (resistant) and an iguana.

Vanquished Creatures
  3 scorpions
  An orc priest (D:4)
  An iguana (D:5)
  A sleepcap (D:4)
  10 adders
  A white imp (D:5)
  2 worms
  A dart slug (D:1)
  9 orcs
  7 endoplasms
  4 giant cockroaches
  9 hobgoblins
  4 quokkas
  10 ball pythons
  5 bats
  6 frilled lizards
  8 goblins
  7 kobolds
  6 rats
  A spectral orc (D:5)
96 creatures vanquished.

Notes
Turn   | Place    | Note
-------+----------+-------------------------------------------
     0 | D:1      | Peloso the Minotaur Fighter began the quest for the Orb.
     0 | D:1      | Reached XP level 1. HP: 19/19 MP: 0/0
   310 | D:1      | Reached XP level 2. HP: 23/27 MP: 1/1
   692 | D:2      | Found Xivut's Book Shop.
   768 | D:2      | Found Xurrok's Assorted Antiques.
   795 | D:2      | Bought a ruby potion for 24 gold pieces
   795 | D:2      | Bought a smoky black potion for 24 gold pieces
   834 | D:2      | Reached XP level 3. HP: 33/33 MP: 2/2
  1214 | D:2      | Found Camaugist's Distillery.
  1564 | D:3      | Reached XP level 4. HP: 24/40 MP: 3/3
  1960 | D:3      | Found a basalt altar of Yredelemnul.
  2334 | D:4      | Reached XP level 5. HP: 39/46 MP: 4/4
  2586 | D:5      | Entered Level 5 of the Dungeon
  2670 | D:5      | Reached skill level 5 in Long Blades
  2819 | D:5      | Reached skill level 5 in Armour
  2866 | D:4      | Reached XP level 6. HP: 44/53 MP: 5/5
  2912 | D:5      | Reached skill level 5 in Shields
  3156 | D:5      | Found a hazy altar of Hepliaklqana.
  3438 | D:5      | Noticed Grinder
  3448 | D:5      | Paralysed by Grinder for 3 turns
  3451 | D:5      | HP: 2/55 [Grinder (3)]
  3451 | D:5      | Mangled by an iguana

Illustrated notes

Levels and vault maps discovered:
D:1:      onia_arrival_mini_maze_b, layout_rooms, chequers_hall_statues_corner_a
D:2:      minmay_chambers_of_ones, layout_loops_ring, serial_shops,
          nicolae_shop_tiny_real_fake_doors, nicolae_shop_real_fake_doors, shop
D:3:      layout_rooms, yredelemnul_altar_generic
D:4:      layout_rooms
D:5:      layout_loops_corners, grunt_temple_overflow_octagram,
          nicolae_hepliaklqana_monster_ancestors, minmay_temple_entry_junction,
          serial_shops, nicolae_shop_peninsula, uniq_grinder

Skill      XL: |  1  2  3  4  5  6 |
---------------+-------------------+-----
Armour         | 4 5 |  5.5
Shields        | 4 5 |  5.3
Fighting       | 4 |  4.9
Long Blades    | 3 4 5 |  5.8

Action                     |  1- 3 |  4- 6 || total
---------------------------+-------+-------++-------
  Melee: Long sword        |   149 |   158 ||   307
         Headbutt          |    20 |    25 ||    45
    Use: Potion            |       |     1 ||     1
 Armour: Plate armour      |   111 |    97 ||   208
         Scale mail        |     4 |       ||     4
  Dodge: Dodged            |    37 |    51 ||    88
  Block: Buckler           |    30 |    53 ||    83
